 Dungeon Crawl Stone Soup version 0.21.1-1-g345015fe64 (webtiles) character file.

1537 FreshCat the Grappler (level 8, -3/66 (67) HPs)
             Began as a Ghoul Monk on Mar 25, 2018.
             Was a Believer of Makhleb.
             Slain by a slave (5 damage)
             ... led by Pikel
             ... on level 6 of the Dungeon.
             The game lasted 00:33:02 (3916 turns).

FreshCat the Grappler (Ghoul Monk)                  Turns: 3916, Time: 00:33:03

HP:   -3/66 (67)    AC:  7    Str: 17 (20) XL:     8   Next: 86%
MP:   7/7           EV: 11    Int:  8 (11) God:    Makhleb [**....]
Gold: 330           SH:  0    Dex: 11 (12) Spells: 7/7 levels left

rFire    . . .     SeeInvis .     - Unarmed
rCold    + . .     Gourm    .   (no shield)
rNeg     + + +     Faith    .   g - +0 scale mail
rPois    ∞         Spirit   .   (no helmet)
rElec    .         Reflect  .   m - scarf {repulsion}
rCorr    +         Harm     .   (no gloves)
MR       .....                  (no boots)
Stlth    +.........             (no amulet)
HPRegen  0.00/turn              h - ring of resist corrosion
MPRegen  0.10/turn              (no ring)

@: mighty, brilliant, rotting, repel missiles
A: rotting body, claws 1, carnivore, cold resistance 1, negative energy
resistance 3, inhibited regeneration, torment resistance, unbreathing
a: Minor Destruction, Renounce Religion


You were on level 6 of the Dungeon.
You worshipped Makhleb.
Makhleb was pleased with you.
You were not hungry.

You visited 1 branch of the dungeon, and saw 6 of its levels.

You collected 330 gold pieces.

Inventory:

Missiles
 f - 160 stones (quivered)
Armour
 g - a +0 scale mail (worn)
 m - a scarf of repulsion (worn)
Jewellery
 h - a ring of resist corrosion (left claw)
Wands
 r - a wand of iceblast (9)
 s - a wand of clouds (5)
Scrolls
 e - 2 scrolls of identify
 i - a scroll of magic mapping
 l - a scroll of remove curse
 o - a scroll of blinking
 p - a scroll of fog
 u - a scroll of amnesia {unknown}
 v - 2 scrolls of teleportation
 y - a scroll of fear {unknown}
Potions
 a - 2 potions of degeneration
 d - 2 potions of cancellation
 k - 2 potions of brilliance
 q - a potion of lignification
Books
 c - a book of Misfortune

   Spells                             Type                      Level
   a - Confusing Touch                Hexes                        1
   b - Confuse                        Hexes                        3
   c - Gell's Gravitas                Translocation                3
   d - Petrify                        Transmutation/Earth          4
   e - Metabolic Englaciation         Hexes/Ice                    5
   f - Yara's Violent Unravelling     Hexes/Transmutation          5
 j - a book of Frost

   Spells                             Type                      Level
   a - Freeze                         Ice                          1
   b - Throw Frost                    Conjuration/Ice              2
   c - Ozocubu's Armour               Charms/Ice                   3
   d - Throw Icicle                   Conjuration/Ice              4
   e - Summon Ice Beast               Ice/Summoning                4
Comestibles
 b - 11 rations


   Skills:
 + Level 4.7 Fighting
 + Level 1.1 Throwing
 + Level 4.3 Armour
 + Level 3.8 Dodging
 * Level 5.5 Stealth
 + Level 8.5 Unarmed Combat


You had 7 spell levels left.
You didn't know any spells.

Dungeon Overview and Level Annotations

Branches:
Dungeon (6/15)
 Temple: D:4-7

Altars:
Makhleb

Annotations:
D:5 Pikel


Innate Abilities, Weirdness & Mutations

Your body is rotting away.
You thrive on raw meat.
You are immune to poison.
You have sharp fingernails.
You are carnivorous and can eat meat at any time.
Your flesh is cold resistant. (rC+)
You are immune to negative energy. (rN+++)
You do not regenerate when monsters are visible.
You are immune to unholy pain and torment.
You can survive without breathing.


Message History

The slave hits you.
* * * LOW HITPOINT WARNING * * *
It was a potion of magic.
Magic courses through your body. The slave hits you but does no damage.
Things that are here:
a falchion; an animal skin
There is a stone staircase leading down here.
You can't go up here!
You climb downwards.
There is a stone staircase leading up here.
You claw the slave!
The slave is heavily wounded.
The slave misses you.
You closely miss the slave.
The slave is heavily wounded.
The slave barely misses you.
You closely miss the slave.
The slave is heavily wounded.
The slave hits you.
You die...

#.# #.#+#+###+##
#...........
#..........
#..........
#.......#.####
#.......#>....
#####.......+.....
#@p.........#.####
######......'.....
#......#.####
#......#.#
#......#..
#......#...
#......#....
########.....
#.....


You could see a slave.

Vanquished Creatures
  Grinder (D:3)
  A hippogriff (D:3)
  Sigmund (D:3)
  2 slaves (D:5)
  The ghost of tensugalgo the Sneak, an amateur NaAs (D:3)
  A sky beast (D:5)
  A phantom (D:4)
  A scorpion (D:5)
  A crimson imp (D:5)
  2 hounds (D:4)
  3 orc priests
  4 orc wizards (D:4)
  An iguana (D:4)
  Ijyb (D:3)
  A worker ant (D:4)
  2 hound skeletons
  6 gnolls
  2 adders
  4 oozes
  A worm (D:2)
  A dart slug (D:2)
  4 leopard geckos
  42 orcs
  2 giant cockroaches
  6 goblins
  14 hobgoblins
  2 jackals (D:1)
  2 quokkas
  A ball python (D:2)
  4 bats
  12 frilled lizards
  A jackal skeleton (D:4)
  5 kobolds
  A leopard gecko skeleton (D:4)
  9 rats
143 creatures vanquished.

Vanquished Creatures (others)
  An orc wizard (D:4)
1 creature vanquished.

Grand Total: 144 creatures vanquished

Notes
Turn   | Place    | Note
-------+----------+-------------------------------------------
     0 | D:1      | FreshCat the Ghoul Monk began the quest for the Orb.
     0 | D:1      | Reached XP level 1. HP: 19/19 MP: 0/0
   356 | D:1      | Reached XP level 2. HP: 25/26 MP: 1/1
   514 | D:2      | Reached XP level 3. HP: 21/30 MP: 2/2
   866 | D:2      | Reached skill level 4 in Unarmed Combat
  1165 | D:2      | Reached XP level 4. HP: 40/40 MP: 3/3
  1415 | D:3      | Reached skill level 1 in Armour
  1415 | D:3      | Reached XP level 5. HP: 37/46 MP: 4/4
  1747 | D:3      | Noticed tensugalgo's ghost (amateur NaAs)
  1773 | D:3      | Killed tensugalgo's ghost
  1773 | D:3      | Reached skill level 5 in Unarmed Combat
  1773 | D:3      | Reached XP level 6. HP: 20/52 MP: 5/5
  1800 | D:3      | Noticed Grinder
  1812 | D:3      | Killed Grinder
  1812 | D:3      | Reached skill level 1 in Throwing
  1812 | D:3      | Reached skill level 6 in Unarmed Combat
  1812 | D:3      | Reached XP level 7. HP: 37/59 MP: 6/6
  1824 | D:3      | Noticed Sigmund
  1837 | D:3      | Killed Sigmund
  2199 | D:3      | Noticed Ijyb
  2212 | D:3      | Killed Ijyb
  2222 | D:3      | Noticed a hippogriff
  2319 | D:3      | Killed a hippogriff
  2319 | D:3      | Reached skill level 7 in Unarmed Combat
  2350 | D:3      | Reached XP level 8. HP: 55/67 MP: 7/7
  2824 | D:4      | Reached skill level 5 in Stealth
  2929 | D:5      | Entered Level 5 of the Dungeon
  3325 | D:5      | Reached skill level 8 in Unarmed Combat
  3377 | D:4      | Found a burning altar of Makhleb.
  3404 | D:4      | Became a worshipper of Makhleb the Destroyer
  3404 | D:4      | Reached * piety under Makhleb
  3404 | D:4      | Reached ** piety under Makhleb
  3882 | D:5      | Noticed Pikel
  3905 | D:5      | HP: 2/66 [slave[Pikel] (5)]
  3916 | D:6      | Slain by a slave

Skill      XL: |  1  2  3  4  5  6  7  8 |
---------------+-------------------------+-----
Dodging        | 3 |  3.8
Unarmed Combat | 4 5 6 7 8 |  8.5
Armour         | 1 2 4 |  4.3
Stealth        | 3 4 5 |  5.5
Fighting       | 4 |  4.7
Throwing       | 1 |  1.1

Action                   |  1- 3 |  4- 6 |  7- 9 || total
-------------------------+-------+-------+-------++-------
Melee: Unarmed           |   112 |   101 |   335 ||   548
       Punch             |     1 |     1 |     5 ||     7
Throw: Stone             |     8 |    14 |       ||    22
Evoke: Wand              |       |       |     4 ||     4
  Use: Scroll            |       |     4 |     4 ||     8
       Potion            |       |       |    11 ||    11
 Stab: Confused          |       |       |     1 ||     1
       Sleeping          |       |       |     1 ||     1
  Eat: Chunk             |    16 |    26 |    67 ||   109
Armor: Scale mail        |    32 |    30 |   108 ||   170
       Robe              |     2 |       |       ||     2
Dodge: Dodged            |    67 |    40 |   136 ||   243
       Deflected         |     2 |     1 |     2 ||     5
